 Dungeon Crawl Stone Soup version 0.30-a0-946-gec5dcfc036 (webtiles) character file.

Game seed: 18294053343373833103

7422 Armakuni the Martial Artist (level 11, 0/87 HPs)
             Began as a Human Monk on Mar 21, 2023.
             Was an Initiate of Elyvilon.
             Slain by a cyclops (27 damage)
             ... on level 11 of the Dungeon on Mar 26, 2023.
             The game lasted 00:28:04 (11690 turns).

Armakuni the Martial Artist (Human Monk)           Turns: 11690, Time: 00:28:04

Health: 0/87       AC:  6    Str: 12    XL:     11   Next: 36%
Magic:  14/21      EV: 23    Int: 14    God:    Elyvilon [......]
Gold:   982        SH:  0    Dex: 21    Spells: 11/23 levels left

rFire   . . .      SeeInvis .      - Unarmed
rCold   + . .      Faith    .    (shield currently unavailable)
rNeg    . . .      Spirit   .    f - melded +0 leather armour {rF+}
rPois   x          Reflect  .    q - melded +2 helmet
rElec   .          Rampage  .    (cloak currently unavailable)
rCorr   .                        (gloves currently unavailable)
Will    .....                    (boots currently unavailable)
Stlth   ++                       l - amulet of the acrobat
HPRegen 0.34/turn                A - +4 ring of protection
MPRegen 0.17/turn                J - ring of protection from cold

@: spider-form, studying 3 skills
A: venomous fangs, tiny
a: End Transformation, Renounce Religion


You were on level 11 of the Dungeon.
You worshipped Elyvilon.
Elyvilon was noncommittal.
You were a venomous arachnid creature.
You visited 2 branches of the dungeon, and saw 12 of its levels.
You also visited: Trove.

You collected 982 gold pieces.

Inventory:

Hand Weapons
 p - a +6 club
Missiles
 C - 3 curare-tipped darts (quivered)
Armour
 f - a +0 leather armour of fire resistance (melded)
 q - a +2 helmet (melded)
Jewellery
 l - an amulet of the acrobat (around neck)
 A - a +4 ring of protection (left front pincers)
 J - a ring of protection from cold (right front pincers)
 L - a ring of flight
 M - an amulet of magic regeneration
Wands
 k - a wand of digging (1)
 s - a wand of quicksilver (6)
 v - a wand of flame (42)
 w - a wand of charming (21)
 B - a wand of mindburst (3)
Scrolls
 c - 3 scrolls of magic mapping
 g - 7 scrolls of enchant armour
 i - 4 scrolls of vulnerability
 o - 4 scrolls of teleportation
 u - 4 scrolls of immolation
 x - 3 scrolls of identify
 y - 4 scrolls of fog
 z - 4 scrolls of enchant weapon
 D - 3 scrolls of blinking
Potions
 a - 2 potions of invisibility
 b - 3 potions of ambrosia
 e - 3 potions of magic
 h - 6 potions of curing
 m - 5 potions of heal wounds
 n - a potion of might
 r - a potion of brilliance
 t - 2 potions of flight
 X - 2 potions of mutation
Miscellaneous
 d - a phantom mirror


   Skills:
 - Level 8.9 Fighting
 - Level 5.0 Dodging
 - Level 2.0 Stealth
 - Level 10.0 Unarmed Combat
 + Level 6.6 Spellcasting
 - Level 6.0 Transmutations
 - Level 3.0 Poison Magic
 - Level 5.0 Invocations
 - Level 3.0 Evocations


You had 11 spell levels left.
You knew the following spells:

 Your Spells              Type           Power      Damage    Failure   Level
d - Dragon Form           Tmut           10%        N/A       100%        7
h - Spider Form           Tmut/Pois      17%        N/A       19%         3
w - Wereblood             Tmut           21%        N/A       8%          2

Your spell library contained the following spells:

 Spells                   Type           Power      Damage    Failure   Level
 Beastly Appendage        Tmut           42%        N/A       6%          1
 Poisonous Vapours        Pois/Air       16%        N/A       28%         2
 Cigotuvi's Dreadful Rot  Necr/Pois/Air  14%        N/A       32%         2
 Ensorcelled Hibernation  Hex/Ice        8%         N/A       43%         2
 Searing Ray              Conj           8%         2d4       43%         2
 Sublimation of Blood     Necr           4%         N/A       43%         2
 Mephitic Cloud           Conj/Pois/Air  7%         N/A       50%         3
 Petrify                  Tmut/Erth      13%        N/A       61%         4
 Dazzling Flash           Conj/Hex       8%         N/A       63%         3
 Hailstorm                Conj/Ice       4%         3d4       63%         3
 Stone Arrow              Conj/Erth      8%         3d7       63%         3
 Tukima's Dance           Hex            4%         N/A       63%         3
 Irradiate                Conj/Tmut      6%         3d13      89%         5
 Yara's Violent Unravell  Hex/Tmut       6%         3d5       89%         5
 Animate Armour           Summ/Erth      8%         N/A       93%         4
 Cause Fear               Hex            2%         N/A       93%         4
 Flame Wave               Conj/Fire      4%         2d5       93%         4
 Iskenderun's Mystic Bla  Conj/Tloc      4%         2d3       93%         4
 Passage of Golubria      Tloc           4%         N/A       93%         4
 Fireball                 Conj/Fire      2%         3d4       99%         5
 Plasma Beam              Fire/Air       2%         2x1d13    99%         5
 Summon Forest            Summ/Tloc      2%         N/A       99%         5
 Summon Mana Viper        Hex/Summ       4%         N/A       99%         5
 Summon Cactus Giant      Summ           2%         N/A       100%        6
 Maxwell's Capacitive Co  Air            2%         ∞         100%        8
 Necromutation            Tmut/Necr      6%         N/A       100%        8
 Dragon's Call            Summ           2%         N/A       100%        9


Dungeon Overview and Level Annotations

Branches:
Dungeon (11/15)            Temple (1/1) D:6            Lair (0/5) D:11
    Orc: D:9-12

Altars:
Ashenzari
Cheibriados
Dithmenos
Elyvilon
Fedhas
Gozag
Hepliaklqana
Kikubaaqudgha
Makhleb
Nemelex Xobeh
Okawaru
Qazlal
Ru
Sif Muna
Trog
Uskayaw
Vehumet
Wu Jian
Xom
Yredelemnul
Zin
The Shining One

Annotations:
D:4 2 runed translucent doors, senseless's ghost, amateur DsFi
D:9 1 runed translucent door


Message History

The two-headed ogre barely misses you.
The two-headed ogre completely misses you.
You hit the two-headed ogre.
The two-headed ogre looks as sick as possible!
The two-headed ogre is almost dead.
Unknown command.
You hit the two-headed ogre.
You kill the two-headed ogre!
Your Spellcasting skill increases to level 6!
Things that are here:
a +0 giant club; a +0 giant club
Found a stone staircase leading up.
The cyclops completely misses you.
You see here a curare-tipped dart.
You hit the cyclops.
The cyclops is lightly wounded.
The cyclops hits you!!
C - 3 curare-tipped darts (gained 1)
Your magical contamination has completely faded away.
You hit the cyclops but do no damage.
The cyclops is poisoned.
The cyclops is lightly wounded.
The cyclops completely misses you.
You hit the cyclops but do no damage.
The cyclops looks even sicker.
The cyclops is lightly wounded.
You hit the cyclops but do no damage.
The cyclops looks as sick as possible!
The cyclops is lightly wounded.
The cyclops hits you!!
You bite the cyclops!
The cyclops looks as sick as possible!
The cyclops is moderately wounded.
You hit the cyclops but do no damage.
The cyclops is heavily wounded.
The cyclops hits you!
You bite the cyclops!
The cyclops looks as sick as possible!
The cyclops is almost dead.
The cyclops misses you.
You hit the cyclops.
The cyclops looks as sick as possible!
The cyclops is almost dead.
You hit the cyclops but do no damage.
The cyclops looks as sick as possible!
The cyclops is almost dead.
The cyclops hits you!!
You die...

#..........#
#...#####....
############
#.#..###.....
#.##.#.......
#.##.......## ###
#.#...#.###.. <...
###.......##..# .....
#...#........#.
......####.#....##.####.
......Cs)(..............
......##..#.#.####..####
..... #........####..#
.........#####..####.#
........## ##..###.#
.......# ##..##.### #
#...^ ##....... ...##
###.###. #.#...


You could see a cyclops (extremely poisoned).

Vanquished Creatures
  A two-headed ogre (D:11)
  A cyclops (D:11)
  A komodo dragon (D:11)
  A vampire (D:9)
  A wraith (D:10)
  6 wyverns
  9 yaks
  2 basilisks (D:11)
  An acid dragon (D:11)
  A water moccasin (D:6)
  3 orc warriors
  2 black bears
  2 ice beasts
  3 sky beasts
  4 centaurs
  3 kobold brigands
  A bullfrog (D:6)
  2 gnoll sergeants
  6 scorpions
  4 wights
  5 killer bees (D:9)
  2 howler monkeys (D:8)
  2 orc priests
  3 hounds
  3 iguanas
  2 orc wizards (D:3)
  2 sleepcaps (D:5)
  A gnoll bouda (D:8)
  Robin (D:3)
  3 adders
  15 gnolls
  3 shadow imps
  4 white imps
  3 ufetubi
  A worm (D:2)
  36 orcs
  8 ball pythons
  7 endoplasms
  4 giant cockroaches
  16 goblins
  10 hobgoblins
  2 jackals (D:3)
  27 kobolds
  2 quokkas
  9 bats
  A frilled lizard (D:1)
  3 rats
229 creatures vanquished.

Vanquished Creatures (others)
  A swamp drake (D:11)
  A plant (D:6)
2 creatures vanquished.

Grand Total: 231 creatures vanquished

Notes
Turn   | Place    | Note
-------+----------+-------------------------------------------
     0 | D:1      | Armakuni the Human Monk began the quest for the Orb.
     0 | D:1      | Reached XP level 1. HP: 18/18 MP: 1/1
     6 | D:1      | Noticed a polar bear
     6 | D:1      | Noticed a hog
     6 | D:1      | Noticed a swamp worm
     7 | D:1      | Noticed a scorpion
     7 | D:1      | Noticed a swamp drake
   183 | D:1      | Reached XP level 2. HP: 24/24 MP: 2/2
   553 | D:1      | Reached skill level 4 in Unarmed Combat
   553 | D:1      | Reached XP level 3. HP: 29/29 MP: 3/3
  1262 | D:2      | Reached XP level 4. HP: 26/35 MP: 4/4
  1766 | D:3      | Found a glowing silver altar of Zin.
  2104 | D:3      | Found an iron altar of Okawaru.
  2164 | D:3      | Reached skill level 5 in Unarmed Combat
  2271 | D:3      | Found an opulent altar of Gozag.
  2546 | D:4      | Noticed Robin
  2597 | D:4      | Found an ancient bone altar of Kikubaaqudgha.
  2755 | D:3      | Reached XP level 5. HP: 41/41 MP: 5/5
  2802 | D:3      | Killed Robin
  2961 | D:4      | Found a runed translucent door.
  2968 | D:4      | Reached skill level 6 in Unarmed Combat
  2982 | D:4      | Noticed senseless's ghost (amateur DsFi)
  3135 | D:4      | Found a runed translucent door.
  3171 | D:4      | Reached XP level 6. HP: 35/47 MP: 6/6
  3306 | D:4      | Identified a scroll of acquirement
  3306 | D:4      | Acquired a manual of Translocations
  3562 | D:4      | Learned a level 3 spell: Spider Form
  3565 | D:4      | Learned a level 2 spell: Wereblood
  3940 | D:4      | Found a snail-covered altar of Cheibriados.
  3941 | D:4      | Found a hide-covered altar of Uskayaw.
  4020 | D:4      | Found a shimmering blue altar of Sif Muna.
  4098 | D:5      | Entered Level 5 of the Dungeon
  4107 | D:5      | Reached skill level 1 in Spellcasting
  4107 | D:5      | Reached skill level 1 in Transmutations
  4107 | D:5      | Reached skill level 1 in Poison Magic
  4167 | D:5      | Noticed a yak
  4168 | D:5      | Noticed a yak
  4169 | D:5      | Noticed a yak
  4220 | D:5      | Killed a yak
  4221 | D:5      | Reached XP level 7. HP: 52/52 MP: 8/8
  4276 | D:5      | Noticed a yak
  4298 | D:4      | Killed a yak
  4518 | D:4      | Killed a yak
  4519 | D:4      | Reached skill level 5 in Transmutations
  4519 | D:4      | Reached XP level 8. HP: 42/58 MP: 6/9
  4583 | D:5      | Killed a yak
  4900 | D:5      | Found a burning altar of Makhleb.
  5561 | D:6      | Reached XP level 9. HP: 45/65 MP: 9/12
  5795 | D:6      | Reached skill level 5 in Fighting
  5795 | D:6      | Reached skill level 5 in Dodging
  5825 | D:6      | Found a staircase to the Ecumenical Temple.
  5871 | Temple   | Entered the Ecumenical Temple
  6033 | Temple   | Became a worshipper of Elyvilon the Healer
  6033 | Temple   | Reached * piety under Elyvilon
  6033 | Temple   | Reached ** piety under Elyvilon
  6073 | D:6      | Reached skill level 1 in Invocations
  6073 | D:6      | Reached skill level 1 in Evocations
  6168 | D:6      | Found a stormy altar of Qazlal.
  6800 | D:6      | Learned a level 7 spell: Dragon Form
  7145 | D:7      | Reached skill level 5 in Invocations
  7145 | D:7      | Reached skill level 7 in Unarmed Combat
  7253 | D:7      | Found a shimmering altar of Xom.
  7490 | D:7      | Reached XP level 10. HP: 54/74 MP: 11/13
  7843 | D:7      | Reached skill level 8 in Unarmed Combat
  8061 | D:7      | Reached *** piety under Elyvilon
  8723 | D:8      | Reached skill level 9 in Unarmed Combat
  9461 | D:9      | Reached **** piety under Elyvilon
  9581 | D:9      | Found a sacrificial altar of Ru.
  9740 | D:9      | Reached skill level 10 in Unarmed Combat
  9798 | D:9      | Found a runed translucent door.
  9801 | D:9      | Found a basalt altar of Yredelemnul.
  9946 | D:10     | Entered Level 10 of the Dungeon
 10177 | D:10     | Found an ornate altar of the Wu Jian Council.
 10386 | D:10     | Reached ***** piety under Elyvilon
 10509 | D:10     | Found a blossoming altar of Fedhas.
 10747 | D:11     | Noticed a komodo dragon
 10825 | D:11     | Killed a komodo dragon
 10826 | D:11     | Reached XP level 11. HP: 86/86 MP: 10/14
 10996 | D:11     | Noticed a cyclops
 11009 | D:11     | Killed a cyclops
 11137 | D:11     | Found a portal to a secret trove of treasure.
 11141 | Trove    | Entered a treasure trove
 11155 | Trove    | Got Sif Muna's Information on Bright Inhalation
 11171 | Trove    | Got the Omnibus of Hazy Attacks
 11199 | Trove    | Got Sif Muna's Almanac of Enchanting Mortification
 11202 | Trove    | Got the Almanac of United Toxins
 11208 | Trove    | Got Sif Muna's Grimoire of a Hundred Olives
 11235 | D:11     | Upgraded the game from 0.30-a0-920-g7493c07aab to
                  | 0.30-a0-946-gec5dcfc036
 11534 | D:11     | Found a staircase to the Lair.
 11542 | D:11     | Reached skill level 5 in Spellcasting
 11668 | D:11     | Noticed a two-headed ogre
 11672 | D:11     | Noticed a cyclops
 11678 | D:11     | Killed a two-headed ogre
 11690 | D:11     | Slain by a cyclops

Illustrated notes

Levels and vault maps discovered:
D:1:      onia_arrival_zoo_common, layout_loops_ring, grunt_decor_junction,
          nicolae_hexahallways
D:2:      layout_loops_ring
D:3:      layout_basic, pdpol_temple_overflow_zin_treasury_gozag_greed,
          kennysheep_okawaru_gauntlet, grunt_ministairs_1
D:4:      layout_layer_cave, lemuel_blue_sif_altar, minitemple,
          ebering_ghost_sewer_f, uniq_robin
D:5:      layout_layer_cave, mainiacjoe_overflow_alcove_2, grunt_ministairs_6,
          st_stairs_5, minmay_misc_feat_secret_circle, minmay_strange_pillars,
          grunt_decor_fettered, minmay_misc_feat_tower, amethyst_killhole
D:6:      layout_basic, mainiacjoe_overflow_six_doors_small,
          minmay_temple_entry_overgrown
D:7:      layout_loops_cross, tgw_xom, minmay_fountain_box
D:8:      layout_cave_pods, minmay_misc_feat_roman
D:9:      layout_loops_cross, dk_yredelemnul_ordeal, nicolae_ru_awakened_eye
D:10:     layout_loops_cross, fedhas_ov_isle_minmay, nzn_wu_jian_contemplation,
          minmay_statues_item
D:11:     layout_rooms, erik_lair_dragon, enter_trove_6
Temple:   hellmonk_temple_flake

Skill      XL: |  1  2  3  4  5  6  7  8  9 10 11 |
---------------+----------------------------------+-----
Unarmed Combat | 4 5 6 7 10 | 10.0
Spellcasting   | 1 2 6 |  6.6
Transmutations | 2 5 6 |  6.0
Poison Magic   | 2 3 |  3.0
Fighting       | 4 5 8 |  8.9
Dodging        | 4 5 |  5.0
Invocations    | 5 |  5.0
Evocations     | 3 |  3.0
Stealth        | |  2.0

Action                     |  1- 3 |  4- 6 |  7- 9 | 10-12 || total
---------------------------+-------+-------+-------+-------++-------
  Melee: Unarmed           |   110 |   214 |   270 |   267 ||   861
         Punch             |     3 |     5 |     1 |       ||     9
  Throw: Dart              |       |       |       |     1 ||     1
   Cast: Spider Form       |       |       |    28 |    29 ||    57
  Evoke: Wand              |       |     3 |    13 |     6 ||    22
    Use: Scroll            |     5 |     5 |     1 |    11 ||    22
         Potion            |     1 |     1 |       |     1 ||     3
   Stab: Sleeping          |     3 |     3 |       |     1 ||     7
 Armour: Robe              |    15 |       |       |       ||    15
         Leather armour    |       |    73 |    19 |     5 ||    97
         Skin              |       |       |    22 |    18 ||    40
  Dodge: Dodged            |    73 |   128 |   225 |   221 ||   647

Table legend: (Time is in decaauts)
 A = Elapsed time spent in this place.
 B = Non-inter-level travel time spent in this place.
 C = Inter-level travel time spent in this place.
 D = Time resting spent in this place.
 E = Time spent auto-exploring this place.
 F = Levels seen in this place.
 G = Mean time per level.
                   A        B        C        D        E       F      G
               +--------+--------+--------+--------+--------+-----+--------+
         Total |  11612 |  11275 |    337 |   1379 |   7632 |  13 |  893.2 |
       Dungeon |  11351 |  11024 |    327 |   1379 |   7485 |  11 | 1031.9 |
        Temple |    173 |    163 |     10 |      0 |    134 |   1 |  173.0 |
         Trove |     87 |     87 |      0 |      0 |     13 |   1 |   87.0 |
               +--------+--------+--------+--------+--------+-----+--------+

Top non-repeatable levels by time:
     D:4: 1528 daAuts
     D:5: 1383 daAuts
     D:7: 1159 daAuts
     D:6: 1136 daAuts
     D:3: 1065 daAuts
     D:1: 940 daAuts
    D:11: 886 daAuts
     D:8: 862 daAuts
     D:2: 823 daAuts
     D:9: 819 daAuts
    D:10: 746 daAuts
  Temple: 173 daAuts
   Trove: 87 daAuts
